Map: World of Sleepers LE

Players

uThermal - Winner!

  • Race: Terran Terran
  • Spawn Location: 1:00

Stephano

  • Race: Zerg Zerg
  • Spawn Location: 7:00

VOD

Have the link to the VOD?

Description

Time

  • Played on: Sept. 6, 2019, 4:05 p.m.
  • Length: 16:34
Show
View Real Time Build Order
Export as new Build Order

uThermal Terran - Winner!

Build Orders: 2 Factory, Hellion Opening, Reaper Expand 

Get SALT Encoding   

  12  0:01  SCV  
  13  0:14  SCV  
  14  0:18  Supply Depot  
  14  0:26  SCV  
  15  0:39  SCV  
  15  0:40  Barracks  
  16  0:43  Refinery  
  16  0:51  SCV  
  17  1:03  SCV  
  18  1:15  SCV  
  19  1:28  Orbital Command, Reaper  
  20  1:40  Command Center  
  20  1:48  Supply Depot  
  20  1:53  SCV  
  21  1:59  Marine  
  22  2:05  SCV  
  23  2:09  Factory  
  23  2:15  Refinery  
  23  2:18  SCV  
  23  2:20  Barracks Reactor  
  24  2:30  SCV  
  25  2:42  SCV  
  26  2:53  Orbital Command  
  26  2:54  SCV, Factory  
  27  3:02  Hellion x2  
  32  3:06  SCV  
  32  3:13  Barracks Tech Lab  
  32  3:18  SCV x2  
  34  3:23  Hellion x2  
  34  3:24  Supply Depot  
  38  3:30  SCV x2  
  40  3:37  Marine  
  41  3:42  SCV  
  41  3:43  Infernal Pre-Igniter  
  41  3:45  Hellion  
  44  3:49  SCV, Supply Depot  
  44  3:50  Hellion  
  44  3:54  SCV  
  50  3:55  Hellion  
  50  4:03  SCV, Supply Depot  
  50  4:06  SCV  
  50  4:07  Hellion  
  54  4:11  Hellion  
  54  4:14  Supply Depot  
  58  4:17  Hellion  
  58  4:19  SCV x2  
  60  4:28  Hellion  
  62  4:33  SCV x2, Hellion  
  66  4:41  Command Center  
  66  4:44  Hellion  
  68  4:46  SCV  
  68  4:47  SCV  
  68  4:50  Hellion  
  74  5:00  Refinery  
  74  5:01  Supply Depot, Refinery  
  74  5:05  SCV  
  77  5:13  SCV, Factory  
  77  5:14  Factory  
  74  5:16  Factory  
  74  5:18  Mag-Field Accelerator, SCV  
  75  5:25  SCV, Hellion  
  75  5:30  SCV  
  75  5:33  Hellion  
  78  5:37  SCV  
  78  5:42  SCV, Hellion  
  76  5:49  SCV  
  75  5:54  SCV, Hellion  
  64  6:01  SCV  
  64  6:03  Factory Tech Lab x2, Factory Reactor  
  68  6:04  Cyclone  
  68  6:06  SCV  
  68  6:09  Hellion  
  71  6:13  SCV  
  71  6:15  Orbital Command  
  72  6:23  Cyclone, SCV  
  76  6:27  SCV, Supply Depot  
  77  6:33  Supply Depot  
  77  6:34  Cyclone  
  77  6:35  SCV  
  77  6:39  SCV  
  82  6:41  Hellion  
  82  6:42  Supply Depot, Hellion  
  82  6:44  SCV  
  87  6:49  Cyclone  
  87  6:50  SCV, Supply Depot  
  93  6:54  Hellion  
  93  6:56  Cyclone  
  93  7:00  SCV  
  93  7:01  Unknown  
  97  7:02  SCV, Hellion  
  97  7:06  SCV  
  97  7:08  Supply Depot  
  101  7:11  Hellion  
  101  7:12  Hellion  
  101  7:14  SCV  
  106  7:16  Cyclone, SCV  
  106  7:19  Hellion  
  106  7:22  Hellion  
  108  7:23  Hellion  
  108  7:29  Hellion  
  108  7:33  Hellion  
  108  7:34  Hellion  
  108  7:42  Command Center  
  108  7:43  Cyclone  
  111  7:47  Engineering Bay  
  111  7:48  Hellion  
  111  7:49  Hellion  
  115  7:52  SCV  
  115  7:57  Hellion  
  115  7:58  SCV  
  122  8:00  SCV  
  122  8:04  SCV  
  124  8:11  Hellion x2  
  124  8:12  Hellion  
  133  8:15  SCV, Hellion  
  133  8:16  SCV  
  133  8:19  Hellion  
  139  8:23  Armory  
  139  8:25  Armory  
  139  8:26  Supply Depot  
  133  8:27  Sensor Tower  
  133  8:29  Cyclone  
  133  8:32  Hellion  
  133  8:33  Hellion  
  140  8:46  Widow Mine  
  140  8:48  Widow Mine x3  
  137  8:53  Widow Mine  
  137  8:54  Widow Mine  
  130  8:58  Command Center  
  130  9:01  Hellion  
  130  9:02  SCV x3  
  135  9:08  Widow Mine  
  135  9:09  Widow Mine  
  139  9:12  Terran Vehicle And Ship Armor Level 1, Terran Vehicle Weapons Level 1  
  139  9:14  SCV x3  
  142  9:18  Siege Tank x2, Widow Mine  
  142  9:24  Planetary Fortress  
  150  9:26  SCV x2  
  150  9:27  Widow Mine  
  150  9:28  SCV  
  155  9:32  Siege Tank, Widow Mine  
  161  9:38  SCV x2, Supply Depot  
  161  9:40  SCV  
  163  9:50  SCV, Factory  
  163  9:51  Factory x2  
  164  9:55  SCV  
  164  10:00  SCV, Widow Mine  
  164  10:01  Widow Mine  
  167  10:12  Siege Tank  
  167  10:13  Siege Tank, Widow Mine  
  167  10:14  Hellion  
  163  10:19  Widow Mine  
  161  10:24  Command Center, Widow Mine  
  161  10:26  Drilling Claws  
  161  10:27  Smart Servos  
  159  10:30  SCV  
  159  10:32  Refinery  
  159  10:33  Refinery  
  159  10:34  SCV x2  
  160  10:40  Siege Tank, Hellion  
  160  10:42  Hellion  
  165  10:44  Siege Tank  
  165  10:45  Siege Tank  
  165  10:48  Factory Tech Lab x2, Factory Reactor  
  171  10:50  Hellion  
  173  10:58  Widow Mine  
  175  11:04  SCV  
  175  11:05  SCV  
  177  11:12  Siege Tank x2  
  177  11:13  Widow Mine  
  181  11:20  Widow Mine x2, Planetary Fortress  
  181  11:23  Refinery x2  
  181  11:25  Command Center, Supply Depot, Cyclone  
  186  11:28  Hellion  
  186  11:30  Supply Depot  
  186  11:35  Siege Tank x2  
  186  11:36  Orbital Command, Hellion, Widow Mine  
  193  11:50  Siege Tank  
  193  11:51  Hellion  
  194  11:58  Siege Tank  
  194  11:59  Siege Tank, Hellion, Widow Mine  
  166  12:02  Widow Mine x2  
  166  12:06  Terran Vehicle Weapons Level 2  
  166  12:07  Terran Vehicle And Ship Armor Level 2  
  166  12:08  Siege Tank x2  
  161  12:10  SCV x2  
  160  12:18  Command Center x2  
  160  12:23  Siege Tank  
  160  12:29  Hellion  
  157  12:31  Siege Tank x2  
  157  12:32  Widow Mine  
  155  12:40  Siege Tank, Cyclone  
  154  12:46  Hellion  
  154  12:51  Widow Mine x2  
  158  12:55  Cyclone  
  161  13:01  Hellion x3  
  161  13:03  Siege Tank  
  161  13:04  Siege Tank  
  173  13:07  Hellion  
  173  13:11  Starport  
  173  13:12  Siege Tank x2, Hellion  
  183  13:15  Hellion x3  
  183  13:23  Hellion x3, Missile Turret  
  183  13:25  Hellion  
  183  13:26  Missile Turret  
  194  13:27  Siege Tank  
  194  13:28  Hellion  
  196  13:35  Hellion, Missile Turret  
  198  13:43  Starport x2  
  198  13:53  Siege Tank x2, Hellion  
  198  13:54  Starport Tech Lab  
  198  13:55  Fusion Core  
  199  14:00  Starport  
  191  14:02  Starport  
  191  14:08  Orbital Command  
  179  14:13  Command Center, Planetary Fortress  
  173  14:20  Missile Turret  
  173  14:23  Liberator  
  164  14:28  Siege Tank  
  164  14:29  Hellion  
  164  14:30  Starport Reactor x2  
  163  14:39  Starport Reactor x2  
  163  14:44  Siege Tank x2, Hellion  
  163  14:45  Siege Tank x2, Hellion x2, Missile Turret  
  186  14:46  Hellion  
  186  14:47  Hellion  
  184  14:53  Liberator x2, Unknown  
  184  14:54  Planetary Fortress  
  184  14:55  SCV x5  
  184  14:59  Liberator  
  183  15:00  Liberator  
  183  15:01  Siege Tank  
  183  15:02  Hellion  
  183  15:03  Liberator  
  183  15:06  Hellion  
  178  15:07  SCV  
  178  15:08  Hellion x2  
  185  15:16  Liberator  
  192  15:23  SCV x3  
  195  15:31  Orbital Command  
  198  16:00  Hellion x7  
Show
View Real Time Build Order
Export as new Build Order

Stephano Zerg 

Build Orders: Hatch First 

Get SALT Encoding   

  12  0:00  Drone  
  13  0:12  Overlord  
  13  0:16  Drone  
  14  0:30  Drone x2  
  16  0:48  Hatchery  
  15  0:50  Drone  
  15  0:53  Drone  
  17  0:57  Drone  
  18  1:08  Extractor  
  17  1:13  Spawning Pool  
  17  1:15  Drone  
  17  1:18  Drone  
  18  1:28  Drone  
  19  1:39  Drone  
  20  1:49  Drone  
  21  2:01  Queen x2  
  21  2:07  Zergling x4  
  27  2:13  Hatchery  
  26  2:18  Overlord  
  26  2:20  Drone  
  27  2:24  Drone  
  28  2:36  Drone x3  
  30  2:40  Queen  
  32  2:46  Overlord  
  32  2:47  Drone  
  33  2:53  Metabolic Boost  
  33  2:57  Drone  
  34  2:59  Drone  
  35  3:05  Drone  
  35  3:06  Drone  
  37  3:13  Drone x2  
  37  3:17  Queen  
  41  3:21  Overlord  
  41  3:23  Drone x2  
  43  3:27  Queen  
  43  3:31  Drone x3  
  48  3:38  Overlord  
  48  3:44  Zergling x4  
  48  3:46  Drone x2  
  52  3:51  Zergling x4  
  52  3:52  Drone x2  
  52  3:54  Drone  
  57  3:58  Drone x3  
  60  4:03  Queen  
  60  4:05  Queen  
  60  4:09  Overlord  
  64  4:15  Drone  
  64  4:16  Overlord  
  65  4:17  Overlord  
  65  4:19  Overlord  
  65  4:22  Evolution Chamber  
  65  4:23  Evolution Chamber  
  63  4:26  Overlord  
  63  4:31  Drone x2  
  65  4:38  Drone  
  66  4:39  Spore Crawler  
  66  4:40  Drone x3  
  66  4:43  Queen  
  66  4:45  Drone x3  
  73  4:46  Overlord  
  73  4:49  Spore Crawler, Drone  
  73  4:50  Drone  
  73  4:52  Unknown  
  73  4:57  Zerg Ground Armor Level 1  
  73  4:58  Zerg Melee Weapons Level 1  
  73  5:00  Queen  
  73  5:03  Zergling x4  
  73  5:04  Zergling x2  
  78  5:08  Spore Crawler  
  78  5:10  Spine Crawler  
  78  5:11  Spore Crawler  
  78  5:13  Zergling x6  
  79  5:21  Zergling x14  
  86  5:28  Zergling x12  
  87  5:33  Zergling x2  
  87  5:34  Zergling x4, Evolution Chamber  
  82  5:39  Evolution Chamber  
  76  5:44  Drone x3  
  68  5:53  Drone x6  
  68  5:55  Lair  
  72  5:58  Drone  
  72  6:02  Drone x3  
  72  6:03  Drone  
  77  6:06  Drone x2  
  77  6:08  Drone  
  80  6:13  Drone  
  80  6:14  Baneling Nest  
  80  6:25  Zergling x6, Extractor  
  82  6:26  Extractor  
  82  6:29  Drone x2  
  82  6:30  Drone x2  
  85  6:33  Hatchery  
  85  6:35  Drone  
  85  6:36  Drone x4  
  85  6:37  Drone  
  90  6:49  Zergling x8  
  94  6:56  Extractor  
  94  6:58  Overlord  
  94  6:59  Overlord  
  94  7:00  Drone x2  
  94  7:01  Drone x3  
  98  7:02  Centrifical Hooks, Baneling x3  
  97  7:16  Zerg Melee Weapons Level 2  
  97  7:17  Hatchery  
  97  7:19  Zerg Missile Weapons Level 1  
  97  7:22  Infestation Pit  
  88  7:23  Drone x8  
  88  7:29  Drone x3  
  93  7:35  Drone x3  
  93  7:39  Baneling x3  
  93  7:40  Baneling x4  
  93  7:47  Zergling x8  
  93  7:50  Zergling x6  
  100  7:53  Zergling x4  
  100  7:55  Zergling x2  
  103  7:58  Zergling x6  
  103  8:01  Zergling x4  
  108  8:07  Zergling x12  
  108  8:10  Zergling x4  
  115  8:16  Zergling x2  
  115  8:17  Zergling x4  
  118  8:20  Zergling x8  
  122  8:27  Pathogen Glands  
  122  8:28  Zergling x12  
  122  8:29  Overlord x2  
  122  8:30  Extractor x2  
  122  8:33  Baneling x7  
  126  8:35  Baneling  
  126  8:36  Baneling x2  
  126  8:48  Zergling x24  
  121  8:51  Zergling x4  
  121  8:54  Zergling x6  
  118  8:57  Zergling x6  
  118  9:00  Hive  
  118  9:02  Drone x4  
  125  9:06  Zergling x8  
  125  9:09  Zergling x6  
  131  9:15  Burrow, Pneumatized Carapace  
  131  9:18  Baneling  
  131  9:19  Baneling x5  
  131  9:22  Baneling x4  
  131  9:25  Zergling x18  
  131  9:29  Drone x3  
  131  9:31  Zerg Missile Weapons Level 2  
  143  9:37  Overlord  
  142  9:40  Neural Parasite  
  141  9:56  Infestor x8  
  157  10:01  Zergling x2  
  157  10:02  Overlord x4  
  157  10:03  Baneling x4  
  155  10:08  Overlord  
  155  10:10  Overlord  
  155  10:12  Zergling x8  
  136  10:18  Overlord  
  134  10:21  Zergling x14  
  136  10:28  Zergling x12  
  136  10:30  Infestor  
  136  10:34  Drone x3  
  136  10:35  Drone  
  147  10:39  Zergling x8  
  147  10:42  Baneling x5  
  150  10:45  Baneling x4  
  150  10:49  Zergling x2  
  155  10:50  Zergling x8  
  155  10:51  Overseer  
  155  10:52  Overseer  
  155  10:57  Zergling x12  
  161  11:05  Drone x3  
  161  11:06  Drone x2  
  161  11:10  Overlord  
  166  11:17  Zergling x20  
  174  11:22  Overseer  
  174  11:25  Zerg Melee Weapons Level 3  
  171  11:26  Infestor x4  
  179  11:35  Zergling x18  
  179  11:36  Baneling x5  
  179  11:37  Baneling  
  188  11:44  Zergling x10, Infestor x9  
  179  11:57  Zergling x16  
  152  12:03  Zergling x2  
  148  12:09  Zergling x8  
  151  12:16  Zerg Missile Weapons Level 3  
  151  12:20  Spine Crawler  
  151  12:22  Spine Crawler  
  146  12:24  Zergling x20  
  143  12:34  Zergling x10  
  144  12:42  Zergling x22  
  153  12:53  Baneling x16  
  153  12:57  Extractor  
  150  12:58  Extractor  
  150  12:59  Infestor x11  
  150  13:01  Baneling  
  150  13:02  Baneling x5  
  171  13:10  Hatchery  
  171  13:11  Zergling x16  
  178  13:16  Hatchery  
  174  13:21  Overlord  
  174  13:22  Overseer x2  
  174  13:31  Baneling x5  
  174  13:34  Ultralisk Cavern  
  173  13:37  Zergling x26  
  184  13:51  Zergling x10  
  184  13:52  Zergling x8  
  174  14:05  Zergling x14  
  158  14:23  Zergling x16  
  143  14:29  Zergling x8, Baneling x3  
  142  14:31  Baneling  
  142  14:32  Baneling x7  
  142  14:37  Ultralisk x3  
  153  14:45  Ultralisk  
  153  14:46  Zergling x2  
  153  14:47  Zergling x18  
  145  15:03  Ultralisk x3  
  145  15:06  Zergling x6  
  125  15:15  Zergling x2  
  125  15:16  Zergling x26  
  138  15:23  Ultralisk  
  138  15:25  Queen  
  138  15:26  Queen  
  146  15:28  Hatchery  
  146  15:31  Zergling x10  
  149  15:38  Baneling x6  
  149  15:42  Zergling x14  
  154  15:46  Zergling x6  
  154  15:49  Baneling x2  
  153  15:50  Baneling  
  152  16:02  Zergling x22  
Tags
 
Add a new tag
Caveats
  • Supply blocks, unpowered buildings, or Contaminate may cause inaccurate times.
  • Supply counts are checked every 10 seconds.